 Dungeon Crawl Stone Soup version 0.30-a0-591-g3c58d2bc28 (webtiles) character file.

Game seed: 14989942585768432277

311 Citaku the Ruffian (level 6, -3/51 HPs)
             Began as a Minotaur Wanderer on Jan 5, 2023.
             Slain by a kobold brigand
             ... wielding a +0 dagger
              (5 damage)
             ... in a sewer.
             The game lasted 00:03:34 (1615 turns).

Citaku the Ruffian (Minotaur Wanderer)              Turns: 1615, Time: 00:03:35

Health: -3/51      AC: 10    Str: 22    XL:     6   Next: 18%
Magic:  5/5        EV:  7    Int:  7    God:
Gold:   44         SH:  0    Dex: 14    Spells: 5/5 levels left

rFire   . . .      SeeInvis .    a - +0 falchion
rCold   . . .      Faith    .    (no shield)
rNeg    . . .      Spirit   .    p - +0 chain mail
rPois   .          Reflect  .    (helmet restricted)
rElec   .          Harm     .    (no cloak)
rCorr   .          Rampage  .    (no gloves)
Will    .....                    d - +0 pair of boots Stlth
                                 j - amulet of magic regeneration
HPRegen 0.28/turn                o - +6 ring of strength
MPRegen 0.49/turn                (no ring)

@: mighty, very slow
A: horns 2, retaliatory headbutt
a: no special abilities


You were in a sewer.
You visited 1 branch of the dungeon, and saw 3 of its levels.
You also visited: Sewer.

You collected 44 gold pieces.

Inventory:

Hand Weapons
 a - a +0 falchion (weapon)
Armour
 d - a +0 pair of boots (worn)
 p - a +0 chain mail (worn)
Jewellery
 j - an amulet of magic regeneration (around neck)
 o - a +6 ring of strength (left hand)
Scrolls
 b - a scroll of blinking
 c - a scroll of butterflies
 g - 2 scrolls of enchant armour {unknown}
 i - 2 scrolls of identify {unknown}
 r - a scroll of amnesia {unknown}
 s - a scroll of fog {unknown}
Potions
 e - 2 potions of might
 f - a potion of haste {unknown}
 h - a potion of ambrosia {unknown}
 k - a potion of lignification {unknown}
 l - 2 potions of heal wounds {unknown}
 m - 2 potions of flight {unknown}
 n - a potion of mutation {unknown}
 q - a potion of curing {unknown}
 t - a potion of resistance {unknown}


   Skills:
 + Level 3.3 Fighting
 + Level 3.4 Long Blades
 + Level 3.4 Armour
 + Level 3.0 Stealth
 + Level 6.3 Unarmed Combat


You had 5 spell levels left.
You didn't know any spells.
Your spell library contained the following spells:

 Spells                   Type           Power      Damage    Failure   Level
 Summon Small Mammal      Summ           0%         N/A       99%         1
 Call Canine Familiar     Summ           0%         N/A       100%        3
 Summon Guardian Golem    Hex/Summ       0%         N/A       100%        3


Dungeon Overview and Level Annotations

Branches:
Dungeon (3/15)              Sewer (1/1)

Altars:


Innate Abilities, Weirdness & Mutations

You have a pair of horns on your head.
You reflexively headbutt those who attack you in melee.


Message History

The kobold brigand barely misses you.
You slash the kobold brigand!
The kobold brigand is heavily wounded.
The kobold brigand hits you but does no damage.
You closely miss the kobold brigand.
The kobold brigand is heavily wounded.
The kobold brigand hits you but does no damage.
You closely miss the kobold brigand.
The kobold brigand is heavily wounded.
The kobold brigand hits you but does no damage.
Your unstable footing causes you to fumble your attack.
The kobold brigand hits you with a +0 short sword!
* * * LOW HITPOINT WARNING * * *
You closely miss the kobold brigand. You punch the kobold brigand!
The kobold brigand is almost dead.
The kobold brigand hits you but does no damage.
You slash the kobold brigand!
You kill the kobold brigand!
You hear a splash. x2
Your Stealth skill increases to level 3!
You have reached level 6!
Your unstable footing causes you to fumble your attack.
The kobold brigand splashes around in the water.
Your unstable footing causes you to fumble your attack.
The kobold brigand hits you but does no damage.
You closely miss the kobold brigand.
Your headbutt misses the kobold brigand.
The kobold brigand hits you with a +0 dagger.
* * * LOW HITPOINT WARNING * * *
You closely miss the kobold brigand. The kobold brigand barely misses you.
You slash the kobold brigand!
Your headbutt misses the kobold brigand.
The kobold brigand is moderately wounded.
The kobold brigand hits you with a +0 dagger.
* * * LOW HITPOINT WARNING * * *
You barely miss the kobold brigand.
Your headbutt misses the kobold brigand.
The kobold brigand is moderately wounded.
The kobold brigand hits you with a +0 dagger.
You die...

~. #≈ #≈# #≈ #≈## #≈# #≈#
#≈≈ #≈# #≈# #≈# #≈# ##≈##
##≈## ##≈## ##~..##
##.~.## ##~~~##
#.....####~....#####~.~~.#
#.....~†K@....~≈≈≈≈≈~.∩~.~
#....~####....~#####...∩.#
##.~.## ##...## ##..~##
##.## ##~## ##~## #.# #~#
#~# #K# #~# #)# #.# ##~##
##~## #K# ##~..## ##.~.##
.!. #.....#####..~.~#


You could see a kobold brigand.

Vanquished Creatures
  2 kobold brigands (Sewer)
  A scorpion (D:3)
  4 adders
  A river rat (Sewer)
  2 worms
  2 dart slugs
  An orc (D:3)
  An endoplasm (Sewer)
  4 giant cockroaches
  3 goblins
  6 hobgoblins
  8 jackals
  4 quokkas
  5 ball pythons
  5 bats
  10 frilled lizards
  9 kobolds
  3 rats
71 creatures vanquished.

Vanquished Creatures (others)
  2 plants (D:3)
2 creatures vanquished.

Grand Total: 73 creatures vanquished

Notes
Turn   | Place    | Note
-------+----------+-------------------------------------------
     0 | D:1      | Citaku the Minotaur Wanderer began the quest for the Orb.
     0 | D:1      | Citaku set off with the following items: a +0 falchion, a
                  | scroll of blinking, a scroll of butterflies, a +0 pair of
                  | boots, a potion of might, a +0 leather armour.
     0 | D:1      | Reached XP level 1. HP: 16/16 MP: 0/0
    63 | D:1      | Reached XP level 2. HP: 21/23 MP: 1/1
   209 | D:1      | Found a faded altar of an unknown god.
   269 | D:1      | Reached XP level 3. HP: 28/29 MP: 2/2
   867 | D:2      | Reached XP level 4. HP: 36/36 MP: 3/3
  1284 | D:3      | Noticed a scorpion
  1293 | D:3      | Killed a scorpion
  1294 | D:3      | Reached skill level 6 in Unarmed Combat
  1303 | D:3      | Reached XP level 5. HP: 23/42 MP: 4/4
  1484 | D:3      | Found a glowing drain.
  1513 | Sewer    | Entered a sewer
  1610 | Sewer    | Reached XP level 6. HP: 7/51 MP: 5/5
  1614 | Sewer    | HP: 1/51 [kobold brigand/+0 dagger (3)]
  1615 | Sewer    | Slain by a kobold brigand

Illustrated notes

Levels and vault maps discovered:
D:1:      dpeg_arrival_tiny_k, layout_rooms, ebering_ecumenical_altar_abandoned
D:2:      layout_basic
D:3:      layout_basic, xom_butterflies, cheibrodos_sewer_entry_bend,
          serial_bayou_lagoon_a
Sewer:    sewer_co_15_rooms

Skill      XL: |  1  2  3  4  5 |
---------------+----------------+-----
Fighting       | 2 3 |  3.3
Long Blades    | 2 3 |  3.4
Stealth        | 2 3 |  3.0
Armour         | 2 3 |  3.4
Unarmed Combat | 6 |  6.3

Action                   |  1- 3 |  4- 6 || total
-------------------------+-------+-------++-------
Melee: Falchion          |   108 |    95 ||   203
       Headbutt          |    16 |    10 ||    26
       Punch             |     2 |     2 ||     4
  Use: Potion            |       |     1 ||     1
Armor: Leather armour    |    36 |       ||    36
       Chain mail        |    45 |    70 ||   115
Dodge: Dodged            |    90 |    31 ||   121

Table legend: (Time is in decaauts)
 A = Elapsed time spent in this place.
 B = Non-inter-level travel time spent in this place.
 C = Inter-level travel time spent in this place.
 D = Time resting spent in this place.
 E = Time spent auto-exploring this place.
 F = Levels seen in this place.
 G = Mean time per level.
                   A        B        C        D        E       F      G
               +--------+--------+--------+--------+--------+-----+--------+
         Total |   1670 |   1670 |      0 |      0 |    963 |   4 |  417.5 |
       Dungeon |   1546 |   1546 |      0 |      0 |    940 |   3 |  515.3 |
         Sewer |    123 |    123 |      0 |      0 |     23 |   1 |  123.0 |
               +--------+--------+--------+--------+--------+-----+--------+

Top non-repeatable levels by time:
     D:2: 682 daAuts
     D:1: 575 daAuts
     D:3: 288 daAuts
   Sewer: 123 daAuts
